 Dungeon Crawl Stone Soup version 0.24-a0-525-g9231cdcba1 (webtiles) character file.

Game seed: 7203717538598812874

4137 Carillon the Geomancer (level 10, -7/57 HPs)
             Began as a Gargoyle Earth Elementalist on Aug 1, 2019.
             Was a Follower of Vehumet.
             Mangled by a two-headed ogre
             ... wielding a +0 dire flail
              (16 damage)
             ... on level 9 of the Dungeon.
             The game lasted 01:09:07 (9630 turns).

Carillon the Geomancer (GrEE)                       Turns: 9630, Time: 01:09:09

Health: -7/57      AC: 18    Str: 12    XL:     10   Next: 27%
Magic:  0/19       EV: 13    Int: 19    God:    Vehumet [*.....]
Gold:   702        SH:  0    Dex: 10    Spells: 10/21 levels left

rFire    . . .     SeeInvis .   a - +1 mace (protect)
rCold    . . .     Gourm    .   (no shield)
rNeg     + . .     Faith    .   c - +1 robe
rPois    ∞         Spirit   .   (no helmet)
rElec    +         Reflect  .   (no cloak)
rCorr    +         Harm     .   (no gloves)
MR       .....                  g - +0 pair of boots
Stlth    ++........             (no amulet)
HPRegen  0.19/turn              p - ring of resist corrosion
MPRegen  0.16/turn              (no ring)

@: about to teleport, protection aura
A: negative energy resistance 1, electricity resistance, unbreathing,
petrification resistance, rot immunity, AC +7
a: Renounce Religion


You were on level 9 of the Dungeon.
You worshipped Vehumet.
Vehumet was aware of your devotion.
You were not hungry.

You visited 2 branches of the dungeon, and saw 10 of its levels.
You also visited: Sewer.

You collected 702 gold pieces.

Inventory:

Hand Weapons
 a - a +1 mace of protection (weapon)
Missiles
 r - 93 stones (quivered)
Armour
 c - a +1 robe (worn)
 g - a +0 pair of boots (worn)
 w - a +0 shield
Jewellery
 p - a ring of resist corrosion (left hand)
Scrolls
 m - 3 scrolls of remove curse
 q - 3 scrolls of amnesia
 s - 3 scrolls of enchant weapon
 u - 2 scrolls of fear
Potions
 b - a potion of berserk rage {unknown}
 e - 2 potions of might
 h - a potion of haste {unknown}
 j - a potion of curing
 k - a potion of ambrosia {unknown}
 l - a potion of invisibility
 n - 4 potions of lignification
 o - 2 potions of brilliance
 x - a potion of agility {unknown}
Miscellaneous
 v - a phantom mirror
Comestibles
 d - 10 rations


   Skills:
 + Level 4.2 Fighting
 + Level 4.1 Maces & Flails
 + Level 4.2 Armour
 + Level 3.8 Dodging
 - Level 2.1 Stealth
 - Level 4.0 Shields
 + Level 6.1 Spellcasting
 + Level 5.6 Conjurations
 - Level 0.7 Transmutations
 + Level 8.5 Earth Magic
 + Level 3.4 Evocations


You had 10 spell levels left.
You knew the following spells:

 Your Spells              Type           Power        Failure   Level  Hunger
a - Sandblast             Erth           #####.       1%          1    None
b - Stone Arrow           Conj/Erth      ####..       1%          3    ##.....
c - Lee's Rapid Deconstr  Erth           #####.....   10%         5    #####..
g - Passwall              Tmut/Erth      ###.....     2%          2    None

Your spell library contained the following spells:

 Spells                   Type           Power        Failure   Level  Hunger
 Sting                    Conj/Pois      ###.         3%          1    None
 Magic Dart               Conj           ####         1%          1    None
 Searing Ray              Conj           ####..       1%          2    None
 Dazzling Spray           Conj/Hex       ###...       11%         3    ##.....
 Iskenderun's Mystic Bla  Conj           ####....     11%         4    ####...
 Petrify                  Tmut/Erth      ###.....     17%         4    ####...
 Force Lance              Conj/Tloc      ###.....     34%         4    ####...
 Fulminant Prism          Conj/Hex       ###.......   34%         4    ####...


Dungeon Overview and Level Annotations

Branches:
Dungeon (9/15)             Temple (1/1) D:6            Lair (0/6) D:9
    Orc: D:9-12

Altars:
Ashenzari
Cheibriados
Dithmenos
Elyvilon
Fedhas
Gozag
Hepliaklqana
Kikubaaqudgha
Makhleb
Nemelex Xobeh
Okawaru
Qazlal
Ru
Sif Muna
Trog
Uskayaw
Vehumet
Wu Jian
Xom
Yredelemnul
Zin
The Shining One
Beogh

Shops:
D:4 (

Annotations:
D:3 3 runed translucent doors, exclusion: oklob plant, PeterQ's ghost, amateur GnAs
D:4 3 runed translucent doors, Flugkiller's ghost, amateur OpWn


Innate Abilities, Weirdness & Mutations

You are resistant to torment.
Your stone body is resilient. (AC +7)
You are immune to poison.
You resist negative energy. (rN+)
You are resistant to electric shocks. (rElec)
You can survive without breathing.
You are immune to petrification.
You are immune to rotting.


Message History

The two-headed ogre is almost dead.
The two-headed ogre hits you but does no damage.
The two-headed ogre closely misses you.
A hound comes into view.
As you read the scroll of teleportation, it crumbles to dust.
You feel strangely unstable.
The two-headed ogre hits you with a +0 dire flail!
* * * LOW HITPOINT WARNING * * *
The two-headed ogre closely misses you.
You feel better.
The two-headed ogre hits you with a +0 dire flail.
* * * LOW HITPOINT WARNING * * *
The two-headed ogre barely misses you.
The hound barks!
You hit the two-headed ogre.
The two-headed ogre is almost dead.
You hear a bark!
You hear a howl!
The two-headed ogre hits you but does no damage.
The two-headed ogre hits you with a +0 dire flail!
You die...

#...≈;≈.≈≈≈≈≈≈≈
#......≈≈≈≈≈≈≈≈
#.≈....≈≈≈≈≈≈≈.
#..(÷.≈≈≈≈≈≈≈..
#.#(###.###.###
#.#)# #........
#.#.###.#####.#
###..S##h.#
######....ZO@.(#
.......#...#####
.........#.#
########.#.#
##...(#
####....##
#....)..#
#.....<.#
#....÷..#


You could see a two-headed ogre, a hound, an adder and a centaur zombie.

Vanquished Creatures
  A troll (D:9)
  A hungry ghost (D:8)
  Purgy (Sewer)
  2 ice beasts
  An orc warrior (D:8)
  A sky beast (D:9)
  A necrophage (D:3)
  3 ogres
  A phantom (D:7)
  3 centaurs
  5 big kobolds
  2 wolves (D:9)
  A wyvern zombie (D:7)
  4 bullfrogs
  3 scorpions
  6 killer bees (D:7)
  2 vampire bats (D:4)
  A howler monkey (D:6)
  2 electric eels (D:9)
  2 crimson imps
  A bullfrog zombie (D:5)
  A quasit (D:5)
  A jelly (D:7)
  6 hounds
  5 orc wizards
  4 orc priests
  A bullfrog skeleton (D:8)
  An iguana (D:5)
  6 worker ants
  A statue (D:7)
  A killer bee zombie (D:7)
  A hound zombie (D:6)
  12 adders
  3 gnolls (D:5)
  2 river rats (D:5)
  4 shadow imps
  2 adder skeletons
  2 dart slugs
  9 leopard geckos
  28 orcs
  4 bat skeletons (D:4)
  3 bat zombies (D:4)
  6 giant cockroaches
  8 goblins
  6 hobgoblins
  10 jackals
  38 kobolds
  2 quokkas (D:5)
  5 ball pythons
  11 bats
  3 frilled lizards
  A quokka skeleton (D:6)
  9 rats
240 creatures vanquished.

Vanquished Creatures (others)
  9 toadstools (D:3)
9 creatures vanquished.

Grand Total: 249 creatures vanquished

Notes
Turn   | Place    | Note
-------+----------+-------------------------------------------
     0 | D:1      | Carillon the Gargoyle Earth Elementalist began the quest
                  | for the Orb.
     0 | D:1      | Reached XP level 1. HP: 10/10 MP: 3/3
   278 | D:1      | Reached skill level 4 in Earth Magic
   278 | D:1      | Reached XP level 2. HP: 15/15 MP: 0/5
   831 | D:1      | Reached XP level 3. HP: 18/19 MP: 3/6
   838 | D:1      | Learned a level 2 spell: Passwall
   843 | D:1      | Reached skill level 1 in Maces & Flails
   849 | D:1      | Learned a level 3 spell: Stone Arrow
  1397 | D:2      | Reached XP level 4. HP: 7/24 MP: 0/8
  1828 | D:2      | Reached skill level 5 in Earth Magic
  2358 | D:3      | Reached XP level 5. HP: 28/28 MP: 6/10
  2585 | D:3      | Reached skill level 1 in Conjurations
  2928 | D:3      | Found a runed translucent gate.
  2929 | D:3      | Found a runed translucent gate.
  2929 | D:3      | Noticed PeterQ's ghost (amateur GnAs)
  2930 | D:3      | Found a runed translucent gate.
  2936 | D:3      | Found a roughly hewn altar of Beogh.
  2986 | D:3      | Noticed a necrophage
  2997 | D:3      | Killed a necrophage
  2997 | D:3      | Reached skill level 6 in Earth Magic
  2997 | D:3      | Reached XP level 6. HP: 29/32 MP: 0/12
  3009 | D:3      | Learned a level 5 spell: Lee's Rapid Deconstruction
  3117 | D:3      | Found a blossoming altar of Fedhas.
  3128 | D:3      | Noticed an oklob plant
  3587 | D:4      | Noticed Flugkiller's ghost (amateur OpWn)
  3588 | D:4      | Noticed an orc warrior
  3593 | D:4      | Found a runed translucent gate.
  3593 | D:4      | Found a runed translucent gate.
  3593 | D:4      | Found a runed translucent gate.
  3641 | D:4      | Found Jeanad's Antique Weapon Shop.
  3788 | D:4      | Found an ancient bone altar of Kikubaaqudgha.
  3949 | D:5      | Entered Level 5 of the Dungeon
  3952 | D:5      | Reached XP level 7. HP: 36/36 MP: 6/13
  4397 | D:5      | Found a glowing drain.
  4435 | Sewer    | Entered a sewer
  4658 | Sewer    | Noticed Purgy
  4664 | Sewer    | Killed Purgy
  4982 | D:5      | Reached skill level 7 in Earth Magic
  5415 | D:5      | Reached skill level 5 in Spellcasting
  5581 | D:6      | Reached XP level 8. HP: 42/42 MP: 5/15
  5679 | D:6      | Reached skill level 1 in Armour
  5679 | D:6      | Reached skill level 1 in Shields
  5755 | D:6      | Reached skill level 1 in Fighting
  5974 | D:6      | Found a deep blue altar of Sif Muna.
  5974 | D:6      | Found a white marble altar of Elyvilon.
  5981 | D:6      | Reached skill level 1 in Evocations
  6187 | D:6      | Found a staircase to the Ecumenical Temple.
  6196 | Temple   | Entered the Ecumenical Temple
  7375 | D:8      | Reached XP level 9. HP: 49/49 MP: 1/17
  7563 | D:7      | Found a radiant altar of Vehumet.
  7747 | D:7      | Became a worshipper of Vehumet
  8442 | D:8      | Reached * piety under Vehumet
  8442 | D:8      | Offered knowledge of Sting by Vehumet.
  8442 | D:8      | Reached skill level 5 in Conjurations
  8445 | D:8      | Reached skill level 8 in Earth Magic
  9045 | D:9      | Noticed a troll
  9116 | D:9      | Found a staircase to the Lair.
  9121 | D:9      | Reached XP level 10. HP: 34/56 MP: 2/18
  9535 | D:9      | Noticed a two-headed ogre
  9630 | D:9      | Mangled by a two-headed ogre

Levels and vault maps discovered:
D:1:      dpeg_arrival_pits, layout_basic, kennysheep_pointless_box,
          dk_noncrumbling_4
D:2:      cheibrodos_pilgrimage, layout_loops_ring
D:3:      layout_loops_ring, tgw_fedhas, biasface_ghost_orc_armoury,
          first_ration
D:4:      layout_rooms, kennysheep_vampire_church, gammafunk_ghost_split,
          kennysheep_small_square
D:5:      layout_gridville, portal_sewer_entry_e
D:6:      layout_loops_ring, chequers_temple_overflow_statue_of_worship,
          minmay_temple_entry_overgrown
D:7:      layout_rooms, vehumet_statue
D:8:      layout_loops_cross
D:9:      layout_rooms, erik_lair_island
Temple:   minmay_crystal_spiral_temple

Skill      XL: |  1  2  3  4  5  6  7  8  9 10 |
---------------+-------------------------------+-----
Earth Magic    | 4 5 6 7 8 |  8.5
Maces & Flails | 1 2 3 4 |  4.1
Spellcasting   | 3 4 5 6 |  6.1
Conjurations   | 2 3 4 5 |  5.6
Armour         | 2 3 4 |  4.2
Shields        | 2 3 4 |  4.0
Fighting       | 2 3 4 |  4.2
Dodging        | 2 3 |  3.8
Evocations     | 1 3 |  3.4
Stealth        | |  2.1
Transmutations | |  0.7

Action                   |  1- 3 |  4- 6 |  7- 9 | 10-12 || total
-------------------------+-------+-------+-------+-------++-------
Melee: Unarmed           |    22 |       |       |       ||    22
       Club              |    62 |    45 |       |       ||   107
       Mace              |       |    42 |   202 |    17 ||   261
 Cast: Sandblast         |    28 |    57 |    58 |    19 ||   162
       Stone Arrow       |       |    10 |   111 |    16 ||   137
       Lee's Rapid Decon |       |       |     6 |     1 ||     7
  Use: Scroll            |     4 |     6 |     8 |     2 ||    20
       Potion            |       |       |     8 |     2 ||    10
 Stab: Sleeping          |     1 |     1 |       |       ||     2
  Eat: Chunk             |     2 |     8 |    10 |     1 ||    21
       Ration            |       |     1 |     4 |     1 ||     6
Armor: Robe              |    36 |    67 |   189 |    31 ||   323
Dodge: Dodged            |    86 |   107 |   280 |    62 ||   535

Table legend:
 A = Non-vault XP
 B = Vault XP
 C = Vault XP percentage of total XP
 D = Non-vault monster count
 E = Vault monster count
 F = Vault count percentage of total count
                 A         B        C        D         E       F
            +---------+---------+-------+---------+---------+-------
      Total |    4881 |    1029 |  17.4 |     205 |      35 |  14.6
            +---------+---------+-------+---------+---------+-------
        D:1 |      37 |       0 |   0.0 |      23 |       0 |   0.0
        D:2 |      46 |      53 |  53.5 |      18 |       5 |  21.7
        D:3 |     289 |       0 |   0.0 |      37 |       0 |   0.0
        D:4 |      48 |     129 |  72.9 |       3 |      10 |  76.9
        D:5 |     383 |      35 |   8.4 |      15 |       8 |  34.8
        D:6 |     527 |       0 |   0.0 |      17 |       0 |   0.0
        D:7 |    1395 |      32 |   2.2 |      52 |       1 |   1.9
        D:8 |    1267 |      40 |   3.1 |      28 |       1 |   3.4
        D:9 |     889 |     591 |  39.9 |      12 |       4 |  25.0
      Sewer |       0 |     149 | 100.0 |       0 |       6 | 100.0
            +---------+---------+-------+---------+---------+-------
